 Dungeon Crawl Stone Soup version 0.31-a0-1574-g5526595cd0 (webtiles) character file.

Game seed: 3926328713337954226

154 burgermaster696 the Firebug (level 5, -5/37 HPs)
             Began as a Demonspawn Fire Elementalist on Jan 4, 2024.
             Slain by a gnoll
             ... wielding a +0 spear
              (7 damage)
             ... on level 3 of the Dungeon.
             The game lasted 00:22:11 (2456 turns).

burgermaster696 the Firebug (DsFE)                  Turns: 2456, Time: 00:22:11

Health: -5/37      AC:  3    Str:  8    XL:     5   Next: 13%
Magic:  5/8        EV: 12    Int: 17    God:
Gold:   131        SH:  0    Dex: 14    Spells: 6/9 levels left

rFire   . . .        h - +0 dagger
rCold   + . .        (no shield)
rNeg    . . .        a - +0 robe
rPois   .            (helmet restricted)
rElec   .            n - +0 cloak
rCorr   .            (no gloves)
SInv    .            (no boots)
Will    .....        l - amulet of Fedhas, Scorching {RegenMP rC+}
Stlth   +++          (no ring)
HPRegen 0.26/turn    (no ring)
MPRegen 0.51/turn

%: no passive effects
@: studying Shields
A: weakness stinger 1, demonic touch 2, antennae 1, camouflage 1, inability to
drink after injury 1
a: no special abilities


You were on level 3 of the Dungeon.
You visited 1 branch of the dungeon, and saw 3 of its levels.

You collected 131 gold pieces.

Inventory:

Hand Weapons
 h - a +0 dagger (weapon)
Missiles
 d - 2 boomerangs (quivered)
Armour
 a - a +0 robe (worn)
 j - a +0 animal skin
 k - a +0 helmet
 n - a +0 cloak (worn)
Jewellery
 e - an amulet of magic regeneration
 l - the amulet of Fedhas, Scorching (around neck) {RegenMP rC+}
   (You found it on level 2 of the Dungeon)

   [amulet of magic regeneration]

   RegenMP:   It increases your rate of magic regeneration.
   rC+:       It protects you from cold.
Wands
 p - a wand of paralysis (4)
Scrolls
 c - a scroll of torment {unknown}
 f - a scroll of poison {unknown}
 g - 7 scrolls of identify {unknown}
 m - 2 scrolls of teleportation {unknown}
 o - a scroll of fear {unknown}
Potions
 b - a potion of magic
 i - 4 potions of mutation


   Skills:
 + Level 1.5 Fighting
 + Level 0.5 Short Blades
 - Level 0.3 Throwing
 + Level 2.4 Dodging
 - Level 2.2 Stealth
 + Level 2.6 Spellcasting
 + Level 1.7 Conjurations
 + Level 3.6 Fire Magic


You had 6 spell levels left.
You knew the following spells:

 Your Spells              Type           Power      Damage    Failure   Level
a - Foxfire               Conj/Fire      44%        2x1d6     6%          1
b - Scorch                Fire           28%        2d6       6%          2

Your spell library contained the following spells:

 Spells                   Type           Power      Damage    Failure   Level
 Inner Flame              Hex/Fire       8%         N/A       26%         3
 Volatile Blastmotes      Fire/Tloc      16%        2d11      26%         3
 Flame Wave               Conj/Fire      11%        2d6       52%         4


Dungeon Overview and Level Annotations

Branches:
Dungeon (3/15)

Altars:

Shops:
D:1 [*:


Innate Abilities, Weirdness & Mutations

You have a small tail.
Your touch may inflict irresistible damage on your foes.
You have a pair of small antennae on your head.
Your skin changes colour to match your surroundings (Stealth+).
You occasionally lose the ability to drink potions when taking damage.


Message History

Confirm with . or Enter, or press ? or * to list all spells.
You conjure some foxfire!
The gnoll closely misses you.
The foxfire hits the gnoll.
The gnoll is burned terribly!
The gnoll is severely wounded.
The foxfire hits the gnoll.
The gnoll is burned terribly!
The gnoll is almost dead.
The gnoll attacks as it pursues you! The gnoll barely misses you.
The gnoll attacks as it pursues you!
The gnoll hits you from afar with a +0 spear.
Casting: Foxfire (safe; 6% risk of failure)
Confirm with . or Enter, or press ? or * to list all spells.
You conjure some foxfire!
The gnoll is no longer more vulnerable to fire.
The gnoll hits you from afar with a +0 spear!
The gnoll hits you but does no damage.
The foxfire hits the gnoll but does no damage.
The foxfire hits the gnoll.
The gnoll is moderately wounded.
The gnoll attacks as it pursues you!
The gnoll hits you from afar with a +0 spear.
The gnoll attacks as it pursues you!
The gnoll hits you from afar with a +0 spear.
Casting: Foxfire (safe; 6% risk of failure)
Confirm with . or Enter, or press ? or * to list all spells.
You conjure some foxfire!
The gnoll hits you from afar with a +0 spear.
* * * LOW HITPOINT WARNING * * *
The gnoll hits you from afar with a +0 spear!
* * * LOW HITPOINT WARNING * * *
It was a potion of mutation.
You feel extremely strange.
Your skin functions as natural camouflage.
You occasionally lose the ability to drink potions when taking damage.
A pair of antennae grows on your head!
Your +0 helmet falls away!
The foxfire hits the gnoll.
The gnoll is heavily wounded.
The foxfire hits the gnoll.
The gnoll is heavily wounded.
The gnoll hits you but does no damage.
The gnoll hits you from afar with a +0 spear!
You die...

... #.# ... #.# #....
#.#.#.... ##.#......
....)..... ######'#.......
# #..§§..g...... ....# ...
#..§@rg.....###.....
#..####...§.g.....#.....###
#.......#####....#........
#<###......###....#........
#....#........#.....#
........#####........#
.........# #........##
..........# #######...##.#
.....$#.###
###########.##.#


You could see 3 gnolls and a rat.

Vanquished Creatures
  A gnoll (D:3)
  Robin (D:2)
  7 adders
  2 dart slugs
  An orc (D:3)
  2 endoplasms
  A giant cockroach (D:1)
  16 goblins
  2 hobgoblins
  6 kobolds
  3 quokkas
  14 ball pythons
  5 bats
  3 frilled lizards
  6 rats
70 creatures vanquished.

Vanquished Creatures (others)
  33 foxfires
33 creatures vanquished.

Grand Total: 103 creatures vanquished

Notes
Turn   | Place    | Note
-------+----------+-------------------------------------------
     0 | D:1      | burgermaster696 the Demonspawn Fire Elementalist began the
                  | quest for the Orb.
     0 | D:1      | Reached XP level 1. HP: 13/13 MP: 3/3
   137 | D:1      | Reached skill level 3 in Fire Magic
   167 | D:1      | Discovered your monstrous ancestry.
   167 | D:1      | Gained mutation: Your touch may inflict minor irresistible
                  | damage on your foes. [demonic ancestry]
   167 | D:1      | Reached XP level 2. HP: 11/19 MP: 5/5
   471 | D:1      | Found Wyxa's Assorted Antiques.
   511 | D:1      | Found Kib Imiateih's Book Shoppe.
   797 | D:1      | Found Onipp's Armour Shoppe.
  1110 | D:2      | Gained mutation: You have a small tail. [demonic ancestry]
  1110 | D:2      | Reached XP level 3. HP: 24/24 MP: 6/6
  1153 | D:2      | Learned a level 2 spell: Scorch
  1194 | D:2      | Noticed Robin
  1233 | D:2      | Killed Robin
  1332 | D:2      | Identified the amulet of Fedhas, Scorching {RegenMP rC+}
  1417 | D:2      | Gained mutation: Your touch may inflict irresistible damage
                  | on your foes. [demonic ancestry]
  1417 | D:2      | Reached XP level 4. HP: 31/31 MP: 4/7
  1524 | D:2      | Reached skill level 1 in Fighting
  2342 | D:3      | Reached XP level 5. HP: 27/37 MP: 8/8
  2456 | D:3      | Gained mutation: Your skin changes colour to match your
                  | surroundings (Stealth+). [potion of mutation]
  2456 | D:3      | Gained mutation: You occasionally lose the ability to drink
                  | potions when taking damage. [potion of mutation]
  2456 | D:3      | Gained mutation: You have a pair of small antennae on your
                  | head. [potion of mutation]
  2456 | D:3      | Slain by a gnoll

Illustrated notes

Levels and vault maps discovered:
D:1:      heliophobic_arrival_ceremonial_halls, layout_loops_ring,
          serial_forest, infiniplex_forest_end_1,
          infiniplex_forest_clump_double, infiniplex_forest_lined_room_,
          infiniplex_forest_clump_double, infiniplex_forest_clump_curved,
          infiniplex_forest_clump_tiny, infiniplex_forest_diagonal,
          infiniplex_forest_lined_room_2, infiniplex_forest_clump_diagonal,
          infiniplex_forest_clump_diagonal, serial_shops, shop_statue,
          nicolae_shop_rolling_square, nicolae_shop_waterfront
D:2:      layout_loops_ring, uniq_robin
D:3:      layout_basic, minmay_snake_closets

Skill      XL: |  1  2  3  4 |
---------------+-------------+-----
Fire Magic     | 3 |  3.6
Dodging        | 2 |  2.4
Stealth        | 2 |  2.2
Fighting       | 1 |  1.5
Short Blades   | |  0.5
Throwing       | |  0.3
Spellcasting   | |  2.6
Conjurations   | |  1.7

Action                     |  1- 3 |  4- 6 || total
---------------------------+-------+-------++-------
  Melee: Unarmed           |    56 |       ||    56
         Touch             |    27 |     7 ||    34
         Dagger            |    40 |    45 ||    85
         Tailslap          |     1 |     3 ||     4
  Throw: Boomerang         |    27 |       ||    27
   Cast: Foxfire           |    11 |     9 ||    20
         Scorch            |    15 |    19 ||    34
    Use: Potion            |       |     1 ||     1
   Stab: Sleeping          |       |     1 ||     1
 Armour: Robe              |    41 |    39 ||    80
  Dodge: Dodged            |    45 |    49 ||    94

Table legend: (Time is in decaauts)
 A = Elapsed time spent in this place.
 B = Non-inter-level travel time spent in this place.
 C = Inter-level travel time spent in this place.
 D = Time resting spent in this place.
 E = Time spent auto-exploring this place.
 F = Levels seen in this place.
 G = Mean time per level.
                   A        B        C        D        E       F      G
               +--------+--------+--------+--------+--------+-----+--------+
         Total |   2462 |   2403 |     59 |     33 |    221 |   3 |  820.7 |
       Dungeon |   2462 |   2403 |     59 |     33 |    221 |   3 |  820.7 |
               +--------+--------+--------+--------+--------+-----+--------+

Top non-repeatable levels by time:
     D:1: 1105 daAuts
     D:2: 1001 daAuts
     D:3: 356 daAuts
